 Dungeon Crawl Stone Soup version 0.31-a0-716-gc7603755dd (webtiles) character file.

Game seed: 4366829677259046464

143 Essalna the Conjurer (level 5, -10/35 HPs)
             Began as a Demonspawn Conjurer on Sept 10, 2023.
             Mangled by an ogre
             ... wielding a +0 giant club
              (27 damage)
             ... on level 5 of the Dungeon.
             The game lasted 00:03:59 (3265 turns).

Essalna the Conjurer (Demonspawn Conjurer)          Turns: 3265, Time: 00:03:59

Health: -10/35     AC:  6    Str:  7    XL:     5   Next: 4%
Magic:  3/10       EV: 12    Int: 23    God:
Gold:   72         SH:  4    Dex: 12    Spells: 8/11 levels left

rFire   . . .        h - +0 whip
rCold   . . .        (no shield)
rNeg    . . .        a - +0 robe
rPois   .            (no helmet)
rElec   .            (no cloak)
rCorr   .            (no gloves)
SInv    .            (no boots)
Will    .....        (no amulet)
Stlth   ++           (no ring)
HPRegen 0.25/turn    (no ring)
MPRegen 0.12/turn

%: no passive effects
@: no status effects
A: icemail 1, big brain 1, condensation shield, demonic touch 1
a: no special abilities


You were on level 5 of the Dungeon.
You visited 1 branch of the dungeon, and saw 5 of its levels.

You collected 72 gold pieces.

Inventory:

Hand Weapons
 f - a +0 club
 h - a +0 whip (weapon)
Missiles
 i - 3 atropa-tipped darts
 t - a throwing net
Armour
 a - a +0 robe (worn)
Scrolls
 c - a scroll of immolation {unknown}
 e - 2 scrolls of identify {unknown}
 g - a scroll of fog {unknown}
 j - a scroll of teleportation {unknown}
 k - a scroll of poison {unknown}
 m - a scroll of amnesia {unknown}
 n - a scroll of vulnerability {unknown}
 p - a scroll of silence {unknown}
 u - a scroll of enchant armour {unknown}
Potions
 b - a potion of magic
 d - a potion of haste {unknown}
 l - a potion of brilliance {unknown}
 o - 2 potions of invisibility {unknown}
 q - a potion of curing {unknown}
 r - a potion of attraction {unknown}
 s - a potion of might {unknown}


   Skills:
 - Level 1.7 Dodging
 - Level 1.7 Stealth
 + Level 3.7 Spellcasting
 + Level 5.3 Conjurations


You had 8 spell levels left.
You knew the following spells:

 Your Spells              Type           Power      Damage    Failure   Level
a - Magic Dart            Conj           100%       1d8       1%          1
b - Searing Ray           Conj           56%        2d6       1%          2

Your spell library contained the following spells:

 Spells                   Type           Power      Damage    Failure   Level
 Dazzling Flash           Conj/Hex       32%        N/A       11%         3
 Fulminant Prism          Conj/Hex       8%         3d7       34%         4
 Iskenderun's Mystic Bla  Conj/Tloc      16%        2d5       34%         4


Dungeon Overview and Level Annotations

Branches:
Dungeon (5/15)
 Temple: D:4-7

Altars:


Innate Abilities, Weirdness & Mutations

A meltable icy envelope protects you from harm. (AC +4)
You have an unusually large brain. (Int +2)
A meltable shield of frost defends you. (SH +4)
Your touch may inflict minor irresistible damage on your foes.


Message History

The orc is moderately wounded.
The magic dart hits the orc.
The orc is almost dead.
The magic dart hits the orc.
You kill the orc!
An adder comes into view.
The magic dart hits the adder!
The adder is heavily wounded.
The adder hisses angrily.
You hear a shout!
The magic dart hits the adder.
The adder is almost dead.
You are out of magic!
You are out of magic!
An endoplasm comes into view.
An orc comes into view. It is wielding a +0 falchion.
The adder bites you but does no damage.
There is a stone staircase leading down here.
You closely miss the adder.
The adder is almost dead.
The adder bites you but does no damage.
You hit the adder.
You kill the adder!
You have reached level 5!
Your demonic ancestry asserts itself...
Your hands begin to faintly glow with unholy energy.
You climb downwards.
Found a trident.
There is a stone staircase leading up here.
The ogre shouts!
The ogre closely misses you. The ogre barely misses you.
The ogre barely misses you. The ogre barely misses you.
You block the ogre's attack. The ogre closely misses you.
The ogre hits you with a +0 giant club!!
Ouch! That really hurt!
The ogre hits you with a +0 giant club!!
Ouch! That really hurt!
You die...

... . ... .. ..
... .. . ...
.####.. ..
.......
#####.##...#
#......@O..#
#.###.#.#.)....
.. ... ..... ##
##### ...≈ ...
.. .


You could see an ogre.

Vanquished Creatures
  An orc wizard (D:4)
  2 gnolls (D:3)
  2 adders
  2 worms (D:3)
  2 dart slugs (D:2)
  2 orcs (D:4)
  3 bats
  8 endoplasms
  4 giant cockroaches
  5 goblins
  7 hobgoblins
  9 jackals
  6 kobolds
  3 quokkas (D:2)
  2 ball pythons
  3 frilled lizards (D:3)
  4 rats
65 creatures vanquished.

Notes
Turn   | Place    | Note
-------+----------+-------------------------------------------
     0 | D:1      | Essalna the Demonspawn Conjurer began the quest for the
                  | Orb.
     0 | D:1      | Reached XP level 1. HP: 13/13 MP: 3/3
   526 | D:1      | Gained mutation: A meltable shield of frost defends you.
                  | (SH +4) [demonic ancestry]
   526 | D:1      | Reached XP level 2. HP: 8/19 MP: 0/5
  1430 | D:2      | Gained mutation: You have an unusually large brain. (Int
                  | +2) [demonic ancestry]
  1430 | D:2      | Reached XP level 3. HP: 24/24 MP: 2/7
  2021 | D:3      | Learned a level 2 spell: Searing Ray
  2374 | D:3      | Gained mutation: A meltable icy envelope protects you from
                  | harm. (AC +4) [demonic ancestry]
  2374 | D:3      | Reached XP level 4. HP: 22/30 MP: 2/8
  2516 | D:3      | Reached skill level 5 in Conjurations
  3249 | D:4      | Gained mutation: Your touch may inflict minor irresistible
                  | damage on your foes. [demonic ancestry]
  3249 | D:4      | Reached XP level 5. HP: 35/35 MP: 0/10
  3250 | D:5      | Entered Level 5 of the Dungeon
  3250 | D:5      | Noticed an ogre
  3265 | D:5      | Mangled by an ogre

Illustrated notes

Levels and vault maps discovered:
D:1:      dpeg_arrival_snail, layout_basic, minmay_pentomino_z4
D:2:      layout_loops_ring
D:3:      layout_loops_ring
D:4:      layout_basic, vehumet_altar_wand_db, gammafunk_ghost_arena,
          uniq_grinder
D:5:      layout_basic, kennysheep_crisscross

Skill      XL: |  1  2  3  4 |
---------------+-------------+-----
Spellcasting   | 3 |  3.7
Conjurations   | 5 |  5.3
Dodging        | |  1.7
Stealth        | |  1.7

Action                     |  1- 3 |  4- 6 || total
---------------------------+-------+-------++-------
  Melee: Whip              |    27 |     3 ||    30
   Cast: Magic Dart        |    84 |    52 ||   136
         Searing Ray       |     1 |       ||     1
 Armour: Robe              |    21 |     5 ||    26
  Dodge: Dodged            |    20 |     6 ||    26
  Block: Other             |     6 |     2 ||     8

Table legend: (Time is in decaauts)
 A = Elapsed time spent in this place.
 B = Non-inter-level travel time spent in this place.
 C = Inter-level travel time spent in this place.
 D = Time resting spent in this place.
 E = Time spent auto-exploring this place.
 F = Levels seen in this place.
 G = Mean time per level.
                   A        B        C        D        E       F      G
               +--------+--------+--------+--------+--------+-----+--------+
         Total |   3266 |   3229 |     37 |      0 |   2864 |   5 |  653.2 |
       Dungeon |   3266 |   3229 |     37 |      0 |   2864 |   5 |  653.2 |
               +--------+--------+--------+--------+--------+-----+--------+

Top non-repeatable levels by time:
     D:3: 1139 daAuts
     D:2: 1138 daAuts
     D:1: 873 daAuts
     D:4: 99 daAuts
     D:5: 14 daAuts
